WCHLSIM.com - West Coast Hockey League
html PUBLIC "-//W3C//DTD XHTML 1.0 Transitional//EN" "http://www.w3.org/TR/xhtml1/DTD/xhtml1-transitional.dtd"> WCHL - Game 527 - SAN FRANCISCO SPIDERS vs SASKATOON DUCKS

SAN FRANCISCO SPIDERS vs SASKATOON DUCKS

Created - 4 janvier 2023 at 09:01

Goals
1 2 3 T
SAN FRANCISCO SPIDERS 0 0 3 3
SASKATOON DUCKS 0 0 0 0
Shots
1 2 3 T
SAN FRANCISCO SPIDERS 6 7 14 27
SASKATOON DUCKS 9 7 12 28

1st period

No Goal

Penalties :
Bryan Rust (SAS) for High sticking (Minor) at 0:15, Erik Gudbranson (SAF) for Unsportsmanlike conduct (Minor) at 4:44, Brenden Dillon (SAF) for Cross-checking (Minor) at 17:24

2nd period

No Goal

Penalties :
Adam Larsson (SAF) for Delaying the game (Minor) at 1:39, Michael Anderson (SAF) for Tripping (Minor) at 11:47, Brenden Dillon (SAF) for High sticking (Minor) at 17:22

3rd period

1. SAN FRANCISCO SPIDERS , Alexander Kerfoot 2 (Viktor Arvidsson 19, Zach Hyman 11) at 7:57
2. SAN FRANCISCO SPIDERS , Erik Gudbranson 4 (Alexander Kerfoot 9, Zach Hyman 12) at 10:21
3. SAN FRANCISCO SPIDERS , Andrei Svechnikov 15 (Bo Horvat 26, Trevor Moore 7) at 11:06

Penalties :
Bryan Rust (SAS) for Roughing (Minor) at 1:42

Goalie Stats

Igor Shesterkin (SAF), 28 saves from 28 shots - (1,000), W, 14-9-1, 60:00 minutes
Tristan Jarry (SAS), 24 saves from 27 shots - (0,889), L, 19-10-0, 60:00 minutes

Players Stats for SAN FRANCISCO SPIDERS

Player Name              G  A  P  +/- PIM S  H  SB GA TA FO     MP     PP MP  PK MP  
------------------------------------------------------------------------------------
Adam Larsson             0  0  0   2  2   0  4  0  0  0  0/0    22:44   1:29   4:20 
Alexander Kerfoot        1  1  2   2  0   3  0  0  0  0  1/1    14:25   0:00   0:00 
Andrei Svechnikov        1  0  1   1  0   7  2  0  0  0  4/10   22:28   2:10   5:20 
Bo Horvat                0  1  1   1  0   3  0  0  0  0  10/22  22:06   1:48   5:20 
Brenden Dillon           0  0  0   1  4   0  6  3  0  0  0/0    20:23   2:29   3:19 
Connor McMichael         0  0  0   0  0   0  0  0  0  0  1/3     6:11   0:00   0:00 
Eeli Tolvanen            0  0  0   0  0   1  0  0  0  0  0/1     6:11   0:00   0:00 
Erik Gudbranson          1  0  1   1  2   2  5  1  0  0  0/0    21:29   1:29   3:42 
Jared McCann             0  0  0   0  0   3  0  0  0  0  6/11   16:56   1:48   4:35 
Kirby Dach               0  0  0   0  0   1  0  0  0  0  0/0    10:33   0:00   0:00 
Michael Anderson         0  0  0   0  2   0  1  3  0  0  0/0    20:39   0:00   6:06 
Sean Durzi               0  0  0   2  0   1  1  1  0  0  0/0    19:59   2:29   2:16 
Sean Walker              0  0  0   0  0   0  0  2  0  0  0/0    14:41   0:00   0:07 
Trent Frederic           0  0  0   0  0   0  2  0  0  0  0/2    10:33   0:00   0:00 
Trevor Moore             0  1  1   1  0   0  0  0  0  0  0/0    17:08   2:10   0:00 
Viktor Arvidsson         0  1  1   2  0   1  1  0  0  0  1/3    16:13   1:48   0:00 
Zach Hyman               0  2  2   2  0   4  0  0  0  0  6/25   21:10   2:10   4:35 
Zack Kassian             0  0  0   0  0   1  0  0  0  0  1/2     6:11   0:00   0:00 

Players Stats for SASKATOON DUCKS

Player Name              G  A  P  +/- PIM S  H  SB GA TA FO     MP     PP MP  PK MP  
------------------------------------------------------------------------------------
Anthony Duclair          0  0  0   0  0   1  0  0  0  0  0/0    15:20   4:53   0:00 
Artemi Panarin           0  0  0  -2  0   8  3  0  0  0  0/1    21:44   5:14   1:28 
Bryan Rust               0  0  0  -1  4   0  0  1  0  0  1/2    18:40   5:02   0:00 
Chris Wideman            0  0  0  -1  0   0  0  0  0  0  0/0    11:06   0:47   0:00 
Claude Giroux            0  0  0  -2  0   0  2  1  0  0  13/21  22:37   4:15   2:48 
Curtis Lazar             0  0  0   0  0   0  1  0  0  0  1/2     7:13   0:00   0:00 
Derick Brassard          0  0  0   0  0   2  0  1  0  0  6/8    11:36   1:04   2:30 
Jake Guentzel            0  0  0  -2  0   2  2  0  0  0  1/4    26:55   3:37   1:10 
Jaycob Megna             0  0  0  -2  0   0  0  2  0  0  0/0    18:05   0:00   2:19 
Kailer Yamamoto          0  0  0   0  0   0  0  0  0  0  0/1     7:13   0:00   0:00 
Kevin Shattenkirk        0  0  0   0  0   1  0  2  0  0  0/0    26:34   4:53   1:39 
Mathieu Joseph           0  0  0   0  0   0  0  0  0  0  1/2    10:27   0:00   0:00 
Ryan Strome              0  0  0   0  0   3  0  0  0  0  12/17  15:20   4:53   0:00 
Samuel Girard            0  0  0   0  0   2  0  0  0  0  0/0    24:00   4:15   2:19 
Sidney Crosby            0  0  0  -1  0   2  1  0  0  0  15/21  18:42   5:02   0:00 
William Borgen           0  0  0  -2  0   0  5  1  0  0  0/0    15:46   0:00   0:00 
William Nylander         0  0  0  -2  0   7  1  1  0  0  0/1    22:06   5:40   1:39 
Xavier Ouellet           0  0  0   0  0   0  0  0  0  0  0/0     2:36   0:00   0:00 

3 Stars

1 - Igor Shesterkin (SAF)
2 - Alexander Kerfoot (SAF)
3 - Erik Gudbranson (SAF)

Power Play

SAN FRANCISCO SPIDERS - 0 on 2 Attempt(s) - 0,00%
SASKATOON DUCKS - 0 on 5 Attempt(s) - 0,00%

Penalty Kill

SAN FRANCISCO SPIDERS - 5 on 5 Attempt(s) - 100,00% - Score 0 goal in Penalty Kill
SASKATOON DUCKS - 2 on 2 Attempt(s) - 100,00% - Score 0 goal in Penalty Kill

Team Stat

SAN FRANCISCO SPIDERS - Hits : 22 - Faceoff Wins : 30 - Blocked Shots : 10 - Penalty Minutes : 10
SASKATOON DUCKS - Hits : 15 - Faceoff Wins : 50 - Blocked Shots : 9 - Penalty Minutes : 4

Official

Referees : Ghislain Hebert and Beaudry Halkidis
Linesman : Jim Harper and Andrew Smith

Game Notes

No Game Note

Finance

Level 1 -- Attendance: 6600 (100,00%) -- Ticket Income 924 000 $
Level 2 -- Attendance: 5058 (90,32%) -- Ticket Income 480 510 $
Level 3 -- Attendance: 2200 (100,00%) -- Ticket Income 143 000 $
Level 4 -- Attendance: 4600 (100,00%) -- Ticket Income 207 000 $
Luxury Box -- Attendance: 983 (98,30%) -- Ticket Income 255 580 $
Total Attendance: 19441 (97,21%)
Total Ticket Income: 2 010 090 $
Other Expense: 20 101 $
Total Income: 1 989 989 $

SAN FRANCISCO SPIDERS

5 vs 5 Forward 
   Center                   Left Wing                Right Wing               Time % Phy DF OF 
 1 Bo Horvat                Andrei Svechnikov        Trevor Moore             40     0   1  4  
 2 Zach Hyman               Alexander Kerfoot        Viktor Arvidsson         40     0   1  4  
 3 Jared McCann             Kirby Dach               Trent Frederic           15     0   3  2  
 4 Connor McMichael         Eeli Tolvanen            Zack Kassian             5      1   4  0  

5 vs 5 Defense 
   Defense                  Defense                                           Time % Phy DF OF 
 1 Erik Gudbranson          Brenden Dillon                                    40     0   4  1  
 2 Adam Larsson             Sean Durzi                                        40     0   4  1  
 3 Michael Anderson         Sean Walker                                       20     0   5  0  
 4 Adam Larsson             Erik Gudbranson                                   0      0   4  1  

PowerPlay Forward 
   Center                   Left Wing                Right Wing               Time % Phy DF OF 
 1 Bo Horvat                Jared McCann             Viktor Arvidsson         50     0   1  4  
 2 Zach Hyman               Andrei Svechnikov        Trevor Moore             50     0   1  4  

PowerPlay Defense
   Defense                  Defense                                           Time % Phy DF OF 
 1 Erik Gudbranson          Adam Larsson                                      50     0   3  2  
 2 Brenden Dillon           Sean Durzi                                        50     0   3  2  

Penalty Kill 4 Players Forward 
   Center                   Wing                     Time % Phy DF OF 
 1 Zach Hyman               Jared McCann             50     0   5  0  
 2 Andrei Svechnikov        Bo Horvat                50     0   5  0  

Penalty Kill 4 Players Defense
   Defense                  Defense                  Time % Phy DF OF 
 1 Michael Anderson         Adam Larsson             50     0   5  0  
 2 Brenden Dillon           Erik Gudbranson          50     0   5  0  

Penalty Kill - 3 Players Forward 
   Forward                                           Time % Phy DF OF 
 1 Andrei Svechnikov                                 55     0   5  0  
 2 Bo Horvat                                         45     0   5  0  

Penalty Kill - 3 Players Defense
   Defense                  Defense                  Time % Phy DF OF 
 1 Michael Anderson         Adam Larsson             50     0   5  0  
 2 Brenden Dillon           Erik Gudbranson          50     0   5  0  

4 vs 4 Forward 
   Center                   Wing                     Time % Phy DF OF 
 1 Jared McCann             Zach Hyman               55     0   2  3  
 2 Andrei Svechnikov        Bo Horvat                45     0   2  3  

4 vs 4 Defense
   Defense                  Defense                  Time % Phy DF OF 
 1 Michael Anderson         Adam Larsson             55     0   4  1  
 2 Brenden Dillon           Erik Gudbranson          45     0   4  1  

Last Minutes Offensive
   Center                   Left Wing                Right Wing               Defense                  Defense                  
   Bo Horvat                Viktor Arvidsson         Andrei Svechnikov        Sean Walker              Adam Larsson             

Last Minutes Defensive
   Center                   Left Wing                Right Wing               Defense                  Defense                  
   Bo Horvat                Viktor Arvidsson         Andrei Svechnikov        Sean Walker              Adam Larsson             

Goaltenders
Starting : Igor Shesterkin          
Backup : Scott Wedgewood          

Extra Forwards
Normal : Jared McCann, Alexander Kerfoot, Kirby Dach - PP : Jared McCann, Alexander Kerfoot - PK : Kirby Dach
Extra Defensemen
Normal : Adam Larsson, Sean Durzi, Brenden Dillon - PP : Michael Anderson - PK : Adam Larsson, Brenden Dillon
Penalty Shots
Jared McCann, Viktor Arvidsson, Andrei Svechnikov, Bo Horvat, Zach Hyman
Custom OT Lines Forwards
Zack Kassian, Viktor Arvidsson, Andrei Svechnikov, Bo Horvat, Zach Hyman, Trevor Moore, Jared McCann, Alexander Kerfoot, Kirby Dach, Eeli Tolvanen
Custom OT Lines Defensemen
Sean Durzi, Adam Larsson, Brenden Dillon, Erik Gudbranson, Michael Anderson

Scratches
Darnell Nurse (Fractured Right Foot Injury), Mark Stone (Right Leg Injury)

SASKATOON DUCKS

5 vs 5 Forward 
   Center                   Left Wing                Right Wing               Time % Phy DF OF 
 1 Sidney Crosby            Jake Guentzel            Bryan Rust               36     1   1  3  
 2 Claude Giroux            Artemi Panarin           William Nylander         34     1   1  3  
 3 Ryan Strome              Mathieu Joseph           Anthony Duclair          24     1   1  3  
 4 Derick Brassard          Kailer Yamamoto          Curtis Lazar             6      1   3  1  

5 vs 5 Defense 
   Defense                  Defense                                           Time % Phy DF OF 
 1 Kevin Shattenkirk        Samuel Girard                                     44     0   3  2  
 2 William Borgen           Jaycob Megna                                      32     0   3  2  
 3 Jake Guentzel            Chris Wideman                                     24     0   5  0  
 4 Xavier Ouellet           Kevin Shattenkirk                                 0      1   2  2  

PowerPlay Forward 
   Center                   Left Wing                Right Wing               Time % Phy DF OF 
 1 Sidney Crosby            Artemi Panarin           Bryan Rust               55     0   0  5  
 2 Ryan Strome              Jake Guentzel            Anthony Duclair          45     0   0  5  

PowerPlay Defense
   Defense                  Defense                                           Time % Phy DF OF 
 1 William Nylander         Kevin Shattenkirk                                 55     0   0  5  
 2 Samuel Girard            Claude Giroux                                     45     0   0  5  

Penalty Kill 4 Players Forward 
   Center                   Wing                     Time % Phy DF OF 
 1 Claude Giroux            Bryan Rust               55     1   2  2  
 2 Jake Guentzel            Artemi Panarin           45     1   2  2  

Penalty Kill 4 Players Defense
   Defense                  Defense                  Time % Phy DF OF 
 1 William Nylander         Kevin Shattenkirk        55     1   2  2  
 2 Jaycob Megna             Samuel Girard            45     1   2  2  

Penalty Kill - 3 Players Forward 
   Forward                                           Time % Phy DF OF 
 1 Claude Giroux                                     55     1   2  2  
 2 Jake Guentzel                                     45     1   2  2  

Penalty Kill - 3 Players Defense
   Defense                  Defense                  Time % Phy DF OF 
 1 William Nylander         Kevin Shattenkirk        55     1   2  2  
 2 Jaycob Megna             Samuel Girard            45     1   2  2  

4 vs 4 Forward 
   Center                   Wing                     Time % Phy DF OF 
 1 Claude Giroux            Jake Guentzel            55     1   2  2  
 2 Sidney Crosby            William Nylander         45     1   2  2  

4 vs 4 Defense
   Defense                  Defense                  Time % Phy DF OF 
 1 Kevin Shattenkirk        William Nylander         55     1   2  2  
 2 Jaycob Megna             Samuel Girard            45     1   2  2  

Last Minutes Offensive
   Center                   Left Wing                Right Wing               Defense                  Defense                  
   Sidney Crosby            Artemi Panarin           Jake Guentzel            Kevin Shattenkirk        Claude Giroux            

Last Minutes Defensive
   Center                   Left Wing                Right Wing               Defense                  Defense                  
   Sidney Crosby            Jake Guentzel            William Nylander         Jaycob Megna             Kevin Shattenkirk        

Goaltenders
Starting : Tristan Jarry            
Backup : Karel Vejmelka           

Extra Forwards
Normal : Claude Giroux, Sidney Crosby, Jake Guentzel - PP : Bryan Rust, Artemi Panarin - PK : William Nylander
Extra Defensemen
Normal : William Borgen, Kevin Shattenkirk, Samuel Girard - PP : Samuel Girard - PK : Jaycob Megna, Kevin Shattenkirk
Penalty Shots
Sidney Crosby, Jake Guentzel, Artemi Panarin, William Nylander, Bryan Rust
Custom OT Lines Forwards
Sidney Crosby, Jake Guentzel, Claude Giroux, Artemi Panarin, William Nylander, Bryan Rust, Ryan Strome, Derick Brassard, Mathieu Joseph, Kailer Yamamoto
Custom OT Lines Defensemen
Jake Guentzel, Kevin Shattenkirk, William Nylander, Samuel Girard, Claude Giroux

Scratches
Alexander Edler (Torn Right Knee Ligaments Injury), Ryan McDonagh (Back Surgery Injury)

% Time on Ice - SAN FRANCISCO SPIDERS

Lines # - Real PCT - Wanted PCT - Time Play
Normal Forward
1 - 32% - 40% - 14:58
2 - 31% - 40% - 14:25
3 - 23% - 15% - 10:33
4 - 13% - 5% - 6:11
Normal Defense
1 - 32% - 40% - 14:37
2 - 33% - 40% - 15:14
3 - 32% - 20% - 14:34
4 - 4% - 0% - 1:42
PP Forward
1 - 45% - 50% - 1:48
2 - 55% - 50% - 2:10
PP Defense
1 - 37% - 50% - 1:29
2 - 63% - 50% - 2:29
PK Forward
1 - 46% - 50% - 4:35
2 - 54% - 50% - 5:20
PK Defense
1 - 46% - 50% - 4:36
2 - 54% - 50% - 5:19
PK3 Forward
1 - 0% - 55%
2 - 0% - 45%
PK3 Defense
1 - 0% - 50%
2 - 0% - 50%
44 Forward
1 - 0% - 55%
2 - 0% - 45%
44 Defense
1 - 0% - 55%
2 - 0% - 45%
Last Minute Offensive  - 0:00
Last Minute Defensive  - 0:00
Total
Forward - 60:00
Defense - 60:00

% Time on Ice - SASKATOON DUCKS

Lines # - Real PCT - Wanted PCT - Time Play
Normal Forward
1 - 30% - 36% - 13:40
2 - 32% - 34% - 14:47
3 - 23% - 24% - 10:27
4 - 16% - 6% - 7:13
Normal Defense
1 - 38% - 44% - 17:26
2 - 34% - 32% - 15:46
3 - 22% - 24% - 10:19
4 - 6% - 0% - 2:36
PP Forward
1 - 51% - 55% - 5:02
2 - 49% - 45% - 4:53
PP Defense
1 - 57% - 55% - 5:40
2 - 43% - 45% - 4:15
PK Forward
1 - 71% - 55% - 2:48
2 - 29% - 45% - 1:10
PK Defense
1 - 42% - 55% - 1:39
2 - 58% - 45% - 2:19
PK3 Forward
1 - 0% - 55%
2 - 0% - 45%
PK3 Defense
1 - 0% - 55%
2 - 0% - 45%
44 Forward
1 - 0% - 55%
2 - 0% - 45%
44 Defense
1 - 0% - 55%
2 - 0% - 45%
Last Minute Offensive  - 0:00
Last Minute Defensive  - 0:00
Total
Forward - 60:00
Defense - 60:00

Play-by-Play

1st period


0:01 of 1st period - Sidney Crosby wins face-off versus Bo Horvat in neutral zone.
0:12 of 1st period - Shot by Sidney Crosby.
0:12 of 1st period - Shot Misses the Net.
0:15 of 1st period - Minor Penalty to Bryan Rust for High sticking.
0:16 of 1st period - Claude Giroux wins face-off versus Bo Horvat in SASKATOON DUCKS zone.
0:23 of 1st period - Icing by Bo Horvat.
0:24 of 1st period - Bo Horvat wins face-off versus Jake Guentzel in SAN FRANCISCO SPIDERS zone.
0:39 of 1st period - Shot by Bo Horvat.
0:39 of 1st period - Shot Blocked by Jaycob Megna.
0:41 of 1st period - Shot by Brenden Dillon.
0:41 of 1st period - Shot Misses the Net.
0:43 of 1st period - Shot by Brenden Dillon.
0:43 of 1st period - Deflect By Jared McCann.
0:43 of 1st period - Stopped by Tristan Jarry with a rebound.
1:05 of 1st period - Shot by Jared McCann.
1:05 of 1st period - Shot Blocked by William Nylander.
1:31 of 1st period - Shot by Andrei Svechnikov.
1:31 of 1st period - Shot Misses the Net.
1:33 of 1st period - Shot by Zach Hyman.
1:33 of 1st period - Shot Misses the Net.
1:35 of 1st period - Shot by Erik Gudbranson.
1:35 of 1st period - Shot Blocked by Claude Giroux.
3:08 of 1st period - Shot by William Nylander.
3:08 of 1st period - Shot Misses the Net.
3:10 of 1st period - Shot by William Nylander.
3:10 of 1st period - Shot Misses the Net.
3:12 of 1st period - Shot by Kevin Shattenkirk.
3:12 of 1st period - Stopped by Igor Shesterkin without a rebound.
3:13 of 1st period - Zach Hyman wins face-off versus Jake Guentzel in SAN FRANCISCO SPIDERS zone.
3:13 of 1st period - Zach Hyman is hit by Jake Guentzel.
3:23 of 1st period - Shot by Alexander Kerfoot.
3:23 of 1st period - Shot Misses the Net.
4:32 of 1st period - Mathieu Joseph is hit by Erik Gudbranson and loses puck.
4:36 of 1st period - Anthony Duclair is hit by Brenden Dillon and loses puck.
4:44 of 1st period - Minor Penalty to Erik Gudbranson for Unsportsmanlike conduct.
4:45 of 1st period - Sidney Crosby wins face-off versus Zach Hyman in SAN FRANCISCO SPIDERS zone.
5:49 of 1st period - Shot by Ryan Strome.
5:49 of 1st period - Stopped by Igor Shesterkin without a rebound.
5:50 of 1st period - Jake Guentzel wins face-off versus Zach Hyman in SAN FRANCISCO SPIDERS zone.
6:11 of 1st period - Shot by Claude Giroux.
6:11 of 1st period - Shot Blocked by Michael Anderson.
6:13 of 1st period - Shot by Anthony Duclair.
6:13 of 1st period - Shot Blocked by Michael Anderson.
6:15 of 1st period - Shot by Samuel Girard.
6:15 of 1st period - Stopped by Igor Shesterkin with a rebound.
6:19 of 1st period - Shot by Claude Giroux.
6:19 of 1st period - Shot Misses the Net.
6:43 of 1st period - Shot by Artemi Panarin.
6:43 of 1st period - Stopped by Igor Shesterkin without a rebound.
6:44 of 1st period - Derick Brassard wins face-off versus Andrei Svechnikov in SAN FRANCISCO SPIDERS zone.
6:44 of 1st period - Derick Brassard is hit by Adam Larsson.
7:12 of 1st period - Shot by Andrei Svechnikov.
7:12 of 1st period - Stopped by Tristan Jarry without a rebound.
7:13 of 1st period - Claude Giroux wins face-off versus Eeli Tolvanen in SASKATOON DUCKS zone.
7:18 of 1st period - Shot by Artemi Panarin.
7:18 of 1st period - Stopped by Igor Shesterkin without a rebound.
7:19 of 1st period - Claude Giroux wins face-off versus Connor McMichael in SAN FRANCISCO SPIDERS zone.
8:01 of 1st period - Shot by Artemi Panarin.
8:01 of 1st period - Shot Blocked by Sean Durzi.
8:28 of 1st period - Zack Kassian is hit by William Borgen and loses puck.
8:32 of 1st period - Icing by Jaycob Megna.
8:33 of 1st period - Zach Hyman wins face-off versus Sidney Crosby in SASKATOON DUCKS zone.
9:33 of 1st period - Mathieu Joseph is hit by Andrei Svechnikov and loses puck.
9:48 of 1st period - Icing by Kevin Shattenkirk.
9:49 of 1st period - Ryan Strome wins face-off versus Trent Frederic in SASKATOON DUCKS zone.
9:49 of 1st period - Ryan Strome is hit by Trent Frederic.
10:13 of 1st period - Shot by Kirby Dach.
10:13 of 1st period - Stopped by Tristan Jarry without a rebound.
10:14 of 1st period - Bo Horvat wins face-off versus William Nylander in SASKATOON DUCKS zone.
10:27 of 1st period - Shot by Andrei Svechnikov.
10:27 of 1st period - Stopped by Tristan Jarry without a rebound.
10:28 of 1st period - Sidney Crosby wins face-off versus Zach Hyman in SASKATOON DUCKS zone.
10:46 of 1st period - Sidney Crosby is hit by Erik Gudbranson and loses puck.
10:58 of 1st period - Jake Guentzel is hit by Brenden Dillon and loses puck.
11:01 of 1st period - Shot by Sidney Crosby.
11:01 of 1st period - Shot Misses the Net.
11:04 of 1st period - Jake Guentzel is hit by Brenden Dillon and loses puck.
11:42 of 1st period - Claude Giroux is hit by Erik Gudbranson and loses puck.
11:55 of 1st period - Shot by Artemi Panarin.
11:55 of 1st period - Deflect By William Nylander.
11:55 of 1st period - Stopped by Igor Shesterkin without a rebound.
11:56 of 1st period - Ryan Strome wins face-off versus Bo Horvat in SAN FRANCISCO SPIDERS zone.
13:39 of 1st period - Connor McMichael is hit by Claude Giroux and loses puck.
13:47 of 1st period - Icing by Adam Larsson.
13:48 of 1st period - Derick Brassard wins face-off versus Zack Kassian in SAN FRANCISCO SPIDERS zone.
13:59 of 1st period - Shot by Zack Kassian.
13:59 of 1st period - Stopped by Tristan Jarry without a rebound.
14:00 of 1st period - Derick Brassard wins face-off versus Bo Horvat in SASKATOON DUCKS zone.
14:06 of 1st period - Icing by Samuel Girard.
14:07 of 1st period - Derick Brassard wins face-off versus Bo Horvat in SASKATOON DUCKS zone.
14:12 of 1st period - Trevor Moore is hit by Curtis Lazar and loses puck.
14:27 of 1st period - Shot by Curtis Lazar.
14:27 of 1st period - Shot Blocked by Sean Walker.
15:21 of 1st period - Shot by Artemi Panarin.
15:21 of 1st period - Shot Misses the Net.
15:43 of 1st period - Shot by William Nylander.
15:43 of 1st period - Stopped by Igor Shesterkin without a rebound.
15:44 of 1st period - Viktor Arvidsson wins face-off versus Ryan Strome in SAN FRANCISCO SPIDERS zone.
16:07 of 1st period - Shot by Zach Hyman.
16:07 of 1st period - Stopped by Tristan Jarry without a rebound.
16:08 of 1st period - Jared McCann wins face-off versus Jake Guentzel in SASKATOON DUCKS zone.
16:37 of 1st period - Shot by Jared McCann.
16:37 of 1st period - Shot Misses the Net.
17:04 of 1st period - Icing by Kirby Dach.
17:05 of 1st period - Jared McCann wins face-off versus Claude Giroux in SAN FRANCISCO SPIDERS zone.
17:05 of 1st period - Jared McCann is hit by Artemi Panarin.
17:23 of 1st period - Shot by William Nylander.
17:23 of 1st period - Deflect By Artemi Panarin.
17:23 of 1st period - Stopped by Igor Shesterkin without a rebound.
17:24 of 1st period - Ryan Strome wins face-off versus Zach Hyman in SAN FRANCISCO SPIDERS zone.
17:24 of 1st period - Minor Penalty to Brenden Dillon for Cross-checking.
17:25 of 1st period - Andrei Svechnikov wins face-off versus Sidney Crosby in SAN FRANCISCO SPIDERS zone.
17:34 of 1st period - Shot by Sidney Crosby.
17:34 of 1st period - Shot Misses the Net.
17:36 of 1st period - Shot by William Nylander.
17:36 of 1st period - Stopped by Igor Shesterkin without a rebound.
17:37 of 1st period - Ryan Strome wins face-off versus Andrei Svechnikov in SAN FRANCISCO SPIDERS zone.
17:48 of 1st period - Jake Guentzel is hit by Andrei Svechnikov and loses puck.
19:54 of 1st period - Icing by Erik Gudbranson.
19:55 of 1st period - Mathieu Joseph wins face-off versus Connor McMichael in SAN FRANCISCO SPIDERS zone.
Goals for this period are 0 for SAN FRANCISCO SPIDERS vs 0 for SASKATOON DUCKS.
Shots for this period are 6 for SAN FRANCISCO SPIDERS vs 9 for SASKATOON DUCKS.

2nd period


0:01 of 2nd period - Sidney Crosby wins face-off versus Zach Hyman in neutral zone.
0:37 of 2nd period - Shot by Bryan Rust.
0:37 of 2nd period - Shot Blocked by Brenden Dillon.
1:30 of 2nd period - Icing by Sean Durzi.
1:31 of 2nd period - Bo Horvat wins face-off versus Claude Giroux in SAN FRANCISCO SPIDERS zone.
1:39 of 2nd period - Minor Penalty to Adam Larsson for Delaying the game.
1:40 of 2nd period - Ryan Strome wins face-off versus Andrei Svechnikov in SAN FRANCISCO SPIDERS zone.
1:51 of 2nd period - Shot by William Nylander.
1:51 of 2nd period - Stopped by Igor Shesterkin without a rebound.
1:52 of 2nd period - Andrei Svechnikov wins face-off versus Ryan Strome in SAN FRANCISCO SPIDERS zone.
3:46 of 2nd period - Eeli Tolvanen is hit by William Borgen and loses puck.
3:58 of 2nd period - Icing by William Borgen.
3:59 of 2nd period - Derick Brassard wins face-off versus Zach Hyman in SASKATOON DUCKS zone.
4:11 of 2nd period - Off-side.
4:12 of 2nd period - Jared McCann wins face-off versus Bryan Rust in neutral zone.
5:19 of 2nd period - Icing by Mathieu Joseph.
5:20 of 2nd period - Bo Horvat wins face-off versus Ryan Strome in SASKATOON DUCKS zone.
5:44 of 2nd period - Ryan Strome is hit by Brenden Dillon and loses puck.
5:52 of 2nd period - Off-side.
5:53 of 2nd period - Claude Giroux wins face-off versus Zach Hyman in neutral zone.
6:01 of 2nd period - William Nylander is hit by Adam Larsson and loses puck.
6:12 of 2nd period - Claude Giroux is hit by Sean Durzi and loses puck.
6:16 of 2nd period - Claude Giroux is hit by Adam Larsson and loses puck.
6:19 of 2nd period - Shot by Claude Giroux.
6:19 of 2nd period - Shot Misses the Net.
6:37 of 2nd period - Shot by William Nylander.
6:37 of 2nd period - Stopped by Igor Shesterkin without a rebound.
6:38 of 2nd period - Sidney Crosby wins face-off versus Bo Horvat in SAN FRANCISCO SPIDERS zone.
7:16 of 2nd period - Shot by Bo Horvat.
7:16 of 2nd period - Shot Blocked by Bryan Rust.
7:18 of 2nd period - Shot by Andrei Svechnikov.
7:18 of 2nd period - Shot Misses the Net.
7:38 of 2nd period - Shot by Jared McCann.
7:38 of 2nd period - Stopped by Tristan Jarry without a rebound.
7:39 of 2nd period - Zach Hyman wins face-off versus Claude Giroux in SASKATOON DUCKS zone.
7:54 of 2nd period - Viktor Arvidsson is hit by Claude Giroux and loses puck.
7:59 of 2nd period - Shot by Artemi Panarin.
7:59 of 2nd period - Stopped by Igor Shesterkin without a rebound.
8:00 of 2nd period - Ryan Strome wins face-off versus Jared McCann in SAN FRANCISCO SPIDERS zone.
8:36 of 2nd period - Shot by Jared McCann.
8:36 of 2nd period - Stopped by Tristan Jarry without a rebound.
8:37 of 2nd period - Bo Horvat wins face-off versus Claude Giroux in SASKATOON DUCKS zone.
8:38 of 2nd period - Shot by Andrei Svechnikov.
8:38 of 2nd period - Shot Blocked by Kevin Shattenkirk.
8:53 of 2nd period - Shot by William Nylander.
8:53 of 2nd period - Stopped by Igor Shesterkin with a rebound.
9:16 of 2nd period - Artemi Panarin is hit by Brenden Dillon and loses puck.
10:34 of 2nd period - Icing by Sean Durzi.
10:35 of 2nd period - Ryan Strome wins face-off versus Viktor Arvidsson in SAN FRANCISCO SPIDERS zone.
10:48 of 2nd period - Icing by Anthony Duclair.
10:49 of 2nd period - Ryan Strome wins face-off versus Jared McCann in SASKATOON DUCKS zone.
10:49 of 2nd period - Ryan Strome is hit by Trent Frederic.
11:10 of 2nd period - Shot by Ryan Strome.
11:10 of 2nd period - Shot Misses the Net.
11:42 of 2nd period - Shot by Artemi Panarin.
11:42 of 2nd period - Shot Misses the Net.
11:47 of 2nd period - Minor Penalty to Michael Anderson for Tripping.
11:48 of 2nd period - Sidney Crosby wins face-off versus Andrei Svechnikov in SAN FRANCISCO SPIDERS zone.
11:48 of 2nd period - Sidney Crosby is hit by Erik Gudbranson.
11:50 of 2nd period - Shot by Artemi Panarin.
11:50 of 2nd period - Shot Misses the Net.
11:52 of 2nd period - Shot by Sidney Crosby.
11:52 of 2nd period - Deflect By Artemi Panarin.
11:52 of 2nd period - Stopped by Igor Shesterkin without a rebound.
11:53 of 2nd period - Andrei Svechnikov wins face-off versus Sidney Crosby in SAN FRANCISCO SPIDERS zone.
12:36 of 2nd period - Shot by Sidney Crosby.
12:36 of 2nd period - Shot Blocked by Brenden Dillon.
14:03 of 2nd period - Off-side.
14:04 of 2nd period - Zach Hyman wins face-off versus Derick Brassard in neutral zone.
14:15 of 2nd period - Icing by Curtis Lazar.
14:16 of 2nd period - Jared McCann wins face-off versus Kailer Yamamoto in SASKATOON DUCKS zone.
15:43 of 2nd period - Claude Giroux is hit by Viktor Arvidsson and loses puck.
15:48 of 2nd period - Shot by Viktor Arvidsson.
15:48 of 2nd period - Shot Misses the Net.
16:44 of 2nd period - Shot by Ryan Strome.
16:44 of 2nd period - Stopped by Igor Shesterkin without a rebound.
16:45 of 2nd period - Connor McMichael wins face-off versus Curtis Lazar in SAN FRANCISCO SPIDERS zone.
16:54 of 2nd period - Shot by Eeli Tolvanen.
16:54 of 2nd period - Stopped by Tristan Jarry with a rebound.
17:21 of 2nd period - Shot by Derick Brassard.
17:21 of 2nd period - Stopped by Igor Shesterkin without a rebound.
17:22 of 2nd period - Sidney Crosby wins face-off versus Zach Hyman in SAN FRANCISCO SPIDERS zone.
17:22 of 2nd period - Minor Penalty to Brenden Dillon for High sticking.
17:23 of 2nd period - Sidney Crosby wins face-off versus Zach Hyman in SAN FRANCISCO SPIDERS zone.
18:29 of 2nd period - Icing by Kevin Shattenkirk.
18:30 of 2nd period - Zach Hyman wins face-off versus Artemi Panarin in SASKATOON DUCKS zone.
18:42 of 2nd period - Shot by Jared McCann.
18:42 of 2nd period - Deflect By Zach Hyman.
18:42 of 2nd period - Stopped by Tristan Jarry without a rebound.
18:43 of 2nd period - Andrei Svechnikov wins face-off versus Ryan Strome in SASKATOON DUCKS zone.
18:48 of 2nd period - Shot by Andrei Svechnikov.
18:48 of 2nd period - Stopped by Tristan Jarry without a rebound.
18:49 of 2nd period - Ryan Strome wins face-off versus Andrei Svechnikov in SASKATOON DUCKS zone.
19:41 of 2nd period - Shot by Bo Horvat.
19:41 of 2nd period - Stopped by Tristan Jarry with a rebound.
19:46 of 2nd period - Bo Horvat is hit by William Borgen and loses puck.
19:57 of 2nd period - Shot by Bo Horvat.
19:57 of 2nd period - Stopped by Tristan Jarry without a rebound.
19:58 of 2nd period - Sidney Crosby wins face-off versus Zach Hyman in SASKATOON DUCKS zone.
Goals for this period are 0 for SAN FRANCISCO SPIDERS vs 0 for SASKATOON DUCKS.
Shots for this period are 7 for SAN FRANCISCO SPIDERS vs 7 for SASKATOON DUCKS.

3rd period


0:01 of 3rd period - Sidney Crosby wins face-off versus Zach Hyman in neutral zone.
0:28 of 3rd period - Shot by Jake Guentzel.
0:28 of 3rd period - Stopped by Igor Shesterkin without a rebound.
0:29 of 3rd period - Claude Giroux wins face-off versus Bo Horvat in SAN FRANCISCO SPIDERS zone.
0:41 of 3rd period - Bo Horvat is hit by William Borgen and loses puck.
0:48 of 3rd period - Shot by Bo Horvat.
0:48 of 3rd period - Shot Misses the Net.
1:11 of 3rd period - Shot by Andrei Svechnikov.
1:11 of 3rd period - Stopped by Tristan Jarry without a rebound.
1:12 of 3rd period - Sidney Crosby wins face-off versus Zach Hyman in SASKATOON DUCKS zone.
1:27 of 3rd period - Shot by Alexander Kerfoot.
1:27 of 3rd period - Stopped by Tristan Jarry with a rebound.
1:37 of 3rd period - Shot by Sidney Crosby.
1:37 of 3rd period - Stopped by Igor Shesterkin with a rebound.
1:42 of 3rd period - Minor Penalty to Bryan Rust for Roughing.
1:43 of 3rd period - Claude Giroux wins face-off versus Bo Horvat in SASKATOON DUCKS zone.
1:55 of 3rd period - Shot by Bo Horvat.
1:55 of 3rd period - Stopped by Tristan Jarry with a rebound.
1:57 of 3rd period - Shot by Jared McCann.
1:57 of 3rd period - Shot Blocked by Derick Brassard.
2:17 of 3rd period - Shot by Jared McCann.
2:17 of 3rd period - Shot Blocked by Jaycob Megna.
2:33 of 3rd period - Shot by Zach Hyman.
2:33 of 3rd period - Deflect By Andrei Svechnikov.
2:33 of 3rd period - Shot Misses the Net.
2:35 of 3rd period - Shot by Sean Durzi.
2:35 of 3rd period - Stopped by Tristan Jarry with a rebound.
3:29 of 3rd period - Icing by Brenden Dillon.
3:30 of 3rd period - Claude Giroux wins face-off versus Zach Hyman in SAN FRANCISCO SPIDERS zone.
3:52 of 3rd period - Icing by Ryan Strome.
3:53 of 3rd period - Zack Kassian wins face-off versus Ryan Strome in SASKATOON DUCKS zone.
3:56 of 3rd period - Shot by Eeli Tolvanen.
3:56 of 3rd period - Shot Misses the Net.
4:39 of 3rd period - Icing by Mathieu Joseph.
4:40 of 3rd period - Jared McCann wins face-off versus Mathieu Joseph in SASKATOON DUCKS zone.
5:25 of 3rd period - Shot by Claude Giroux.
5:25 of 3rd period - Shot Blocked by Erik Gudbranson.
5:41 of 3rd period - Erik Gudbranson is hit by William Nylander and loses puck.
6:10 of 3rd period - Kailer Yamamoto is hit by Michael Anderson and loses puck.
6:22 of 3rd period - Icing by Michael Anderson.
6:23 of 3rd period - Sidney Crosby wins face-off versus Zach Hyman in SAN FRANCISCO SPIDERS zone.
6:32 of 3rd period - Shot by Jake Guentzel.
6:32 of 3rd period - Deflect By Sidney Crosby.
6:32 of 3rd period - Stopped by Igor Shesterkin without a rebound.
6:33 of 3rd period - Derick Brassard wins face-off versus Bo Horvat in SAN FRANCISCO SPIDERS zone.
6:33 of 3rd period - Derick Brassard is hit by Adam Larsson.
6:57 of 3rd period - Icing by Kevin Shattenkirk.
6:58 of 3rd period - Curtis Lazar wins face-off versus Zach Hyman in SASKATOON DUCKS zone.
7:12 of 3rd period - Shot by Kailer Yamamoto.
7:12 of 3rd period - Deflect By Derick Brassard.
7:12 of 3rd period - Stopped by Igor Shesterkin without a rebound.
7:13 of 3rd period - Sidney Crosby wins face-off versus Andrei Svechnikov in SAN FRANCISCO SPIDERS zone.
7:13 of 3rd period - Jake Guentzel is hit by Brenden Dillon and loses puck.
7:27 of 3rd period - Icing by Jaycob Megna.
7:28 of 3rd period - Sidney Crosby wins face-off versus Zach Hyman in SASKATOON DUCKS zone.
7:57 of 3rd period - Shot by Alexander Kerfoot.
7:57 of 3rd period - Goal by Alexander Kerfoot - SAN FRANCISCO SPIDERS : 1 - SASKATOON DUCKS : 0.
7:58 of 3rd period - Bo Horvat wins face-off versus Claude Giroux in neutral zone.
8:07 of 3rd period - Shot by Andrei Svechnikov.
8:07 of 3rd period - Shot Misses the Net.
8:09 of 3rd period - Shot by Andrei Svechnikov.
8:09 of 3rd period - Shot Blocked by Kevin Shattenkirk.
8:11 of 3rd period - Shot by Erik Gudbranson.
8:11 of 3rd period - Stopped by Tristan Jarry without a rebound.
8:12 of 3rd period - Ryan Strome wins face-off versus Jared McCann in SASKATOON DUCKS zone.
8:28 of 3rd period - Shot by Anthony Duclair.
8:28 of 3rd period - Shot Blocked by Michael Anderson.
8:39 of 3rd period - Icing by Michael Anderson.
8:40 of 3rd period - Jared McCann wins face-off versus Sidney Crosby in SAN FRANCISCO SPIDERS zone.
9:13 of 3rd period - Shot by Jake Guentzel.
9:13 of 3rd period - Stopped by Igor Shesterkin without a rebound.
9:14 of 3rd period - Bo Horvat wins face-off versus Claude Giroux in SAN FRANCISCO SPIDERS zone.
9:14 of 3rd period - Bo Horvat is hit by Artemi Panarin.
9:19 of 3rd period - Off-side.
9:20 of 3rd period - Claude Giroux wins face-off versus Zach Hyman in neutral zone.
9:23 of 3rd period - Shot by Artemi Panarin.
9:23 of 3rd period - Stopped by Igor Shesterkin without a rebound.
9:24 of 3rd period - Bo Horvat wins face-off versus Sidney Crosby in SAN FRANCISCO SPIDERS zone.
9:24 of 3rd period - Bo Horvat is hit by Sidney Crosby.
9:52 of 3rd period - Shot by Andrei Svechnikov.
9:52 of 3rd period - Stopped by Tristan Jarry without a rebound.
9:53 of 3rd period - Claude Giroux wins face-off versus Zach Hyman in SASKATOON DUCKS zone.
10:03 of 3rd period - Shot by William Nylander.
10:03 of 3rd period - Stopped by Igor Shesterkin with a rebound.
10:19 of 3rd period - Shot by Alexander Kerfoot.
10:19 of 3rd period - Shot Misses the Net.
10:21 of 3rd period - Shot by Erik Gudbranson.
10:21 of 3rd period - Goal by Erik Gudbranson - SAN FRANCISCO SPIDERS : 2 - SASKATOON DUCKS : 0.
10:22 of 3rd period - Sidney Crosby wins face-off versus Bo Horvat in neutral zone.
10:25 of 3rd period - Shot by Bryan Rust.
10:25 of 3rd period - Shot Misses the Net.
10:38 of 3rd period - Icing by Sean Durzi.
10:39 of 3rd period - Bo Horvat wins face-off versus Claude Giroux in SAN FRANCISCO SPIDERS zone.
11:06 of 3rd period - Shot by Andrei Svechnikov.
11:06 of 3rd period - Goal by Andrei Svechnikov - SAN FRANCISCO SPIDERS : 3 - SASKATOON DUCKS : 0.
11:07 of 3rd period - Ryan Strome wins face-off versus Zach Hyman in neutral zone.
11:18 of 3rd period - Shot by Ryan Strome.
11:18 of 3rd period - Deflect By Anthony Duclair.
11:18 of 3rd period - Stopped by Igor Shesterkin with a rebound.
11:20 of 3rd period - Shot by Samuel Girard.
11:20 of 3rd period - Stopped by Igor Shesterkin without a rebound.
11:21 of 3rd period - Claude Giroux wins face-off versus Jared McCann in SAN FRANCISCO SPIDERS zone.
11:34 of 3rd period - Shot by Claude Giroux.
11:34 of 3rd period - Shot Blocked by Sean Walker.
11:36 of 3rd period - Shot by William Nylander.
11:36 of 3rd period - Shot Misses the Net.
11:38 of 3rd period - Shot by Artemi Panarin.
11:38 of 3rd period - Stopped by Igor Shesterkin without a rebound.
11:39 of 3rd period - Bryan Rust wins face-off versus Viktor Arvidsson in SAN FRANCISCO SPIDERS zone.
11:43 of 3rd period - Icing by Brenden Dillon.
11:44 of 3rd period - Alexander Kerfoot wins face-off versus Sidney Crosby in SAN FRANCISCO SPIDERS zone.
11:44 of 3rd period - Alexander Kerfoot is hit by Jake Guentzel.
11:50 of 3rd period - Shot by Viktor Arvidsson.
11:50 of 3rd period - Shot Misses the Net.
11:52 of 3rd period - Shot by Brenden Dillon.
11:52 of 3rd period - Shot Misses the Net.
11:54 of 3rd period - Shot by Zach Hyman.
11:54 of 3rd period - Stopped by Tristan Jarry without a rebound.
11:55 of 3rd period - Claude Giroux wins face-off versus Bo Horvat in SASKATOON DUCKS zone.
13:56 of 3rd period - Shot by Zach Hyman.
13:56 of 3rd period - Shot Blocked by William Borgen.
14:08 of 3rd period - Shot by Zach Hyman.
14:08 of 3rd period - Shot Misses the Net.
14:10 of 3rd period - Shot by Alexander Kerfoot.
14:10 of 3rd period - Stopped by Tristan Jarry without a rebound.
14:11 of 3rd period - Claude Giroux wins face-off versus Trent Frederic in SASKATOON DUCKS zone.
15:03 of 3rd period - Claude Giroux is hit by Erik Gudbranson and loses puck.
16:12 of 3rd period - Shot by Connor McMichael.
16:12 of 3rd period - Shot Hit the Post.
16:39 of 3rd period - Shot by Anthony Duclair.
16:39 of 3rd period - Deflect By Ryan Strome.
16:39 of 3rd period - Stopped by Igor Shesterkin without a rebound.
16:40 of 3rd period - Claude Giroux wins face-off versus Jared McCann in SAN FRANCISCO SPIDERS zone.
17:01 of 3rd period - Shot by Artemi Panarin.
17:01 of 3rd period - Stopped by Igor Shesterkin with a rebound.
17:55 of 3rd period - Shot by Zach Hyman.
17:55 of 3rd period - Stopped by Tristan Jarry without a rebound.
17:56 of 3rd period - Ryan Strome wins face-off versus Bo Horvat in SASKATOON DUCKS zone.
18:07 of 3rd period - Shot by Anthony Duclair.
18:07 of 3rd period - Deflect By Ryan Strome.
18:07 of 3rd period - Shot Blocked by Brenden Dillon.
18:15 of 3rd period - Icing by Andrei Svechnikov.
18:16 of 3rd period - Bo Horvat wins face-off versus Derick Brassard in SAN FRANCISCO SPIDERS zone.
18:21 of 3rd period - Shot by Andrei Svechnikov.
18:21 of 3rd period - Stopped by Tristan Jarry without a rebound.
18:22 of 3rd period - Zach Hyman wins face-off versus Claude Giroux in SASKATOON DUCKS zone.
18:25 of 3rd period - Shot by Viktor Arvidsson.
18:25 of 3rd period - Stopped by Tristan Jarry with a rebound.
18:49 of 3rd period - Viktor Arvidsson is hit by Artemi Panarin and loses puck.
18:56 of 3rd period - Shot by Artemi Panarin.
18:56 of 3rd period - Shot Misses the Net.
19:30 of 3rd period - Trevor Moore is hit by William Borgen.
19:43 of 3rd period - Shot by Jake Guentzel.
19:43 of 3rd period - Shot Misses the Net.
Goals for this period are 3 for SAN FRANCISCO SPIDERS vs 0 for SASKATOON DUCKS.
Shots for this period are 14 for SAN FRANCISCO SPIDERS vs 12 for SASKATOON DUCKS.


JOHNNY
GAUDREAU
MATTHEW
BOLDY
OWEN
TIPPETT

EAST COAST

HOCKEY LEAGUE

  • 29.PIT6MAN7
  • 30.ATL6NHW2
  • 31.WOR4PET3
  • 32.3RHI4
  • 33.CHIQUE
  • 34.LIMCHA
  • 35.LONTRV
  • 36.BALCHW